 Dungeon Crawl Stone Soup version 0.17-a0-1522-g6c5b4ba (webtiles) character file.

113 Goblin1989 the Ruffian (level 4, -6/39 HPs)
             Began as a Minotaur Monk on July 14, 2015.
             Was a Believer of Okawaru.
             Asphyxiated
             ... on level 3 of the Dungeon.
             The game lasted 00:07:14 (2511 turns).

Goblin1989 the Ruffian (Minotaur Monk)              Turns: 2511, Time: 00:07:14

Health: -6/39      AC:  7    Str: 17    XL:     4   Next: 65%
Magic:  3/3        EV: 10    Int:  7    God:    Okawaru [**....]
Gold:   174        SH:  0    Dex: 12    Spells: 0 memorised, 3 levels left

rFire  . . .     SeeInvis .       - Unarmed
rCold  . . .     Clarity  .     s - +0 scale mail
rNeg   . . .     SustAt   .     (no shield)
rPois  .         Gourm    .     (helmet restricted)
rElec  .         Spirit   .     (no cloak)
rCorr  .         Warding  .     m - +0 pair of gloves (curse)
rMut   .         Stasis   .     (no boots)
MR     .....                    (no amulet)
Stlth  ..........               (no ring)
                                (no ring)

@: confused, lethally poisoned (-6 -> -50), flying, slowed, very slow, not
resistant to hostile enchantments, extremely unstealthy
A: retaliatory headbutt, horns 2
a: Heroism, Renounce Religion


You were on level 3 of the Dungeon.
You worshipped Okawaru.
Okawaru was pleased with you.
You were not hungry.

You visited 1 branch of the dungeon, and saw 3 of its levels.

You collected 174 gold pieces.

Inventory:

Armour
 m - a cursed +0 pair of gloves (worn)
 s - a +0 scale mail (worn)
Jewellery
 e - an uncursed ring of protection from cold {unknown}
 i - an uncursed ring of sustain attributes {unknown}
Scrolls
 d - a scroll of fear {unknown}
 g - 4 scrolls of identify {unknown}
 j - 2 scrolls of enchant weapon {unknown}
 k - a scroll of teleportation {unknown}
 l - 2 scrolls of remove curse {unknown}
 o - 2 scrolls of recharging {unknown}
Potions
 a - a potion of ambrosia
 n - a potion of brilliance {unknown}
 p - a potion of poison {unknown}
 r - a potion of haste {unknown}
 t - a potion of invisibility {unknown}
 u - a potion of curing {unknown}
Comestibles
 b - 5 bread rations
 f - a beef jerky
 h - a meat ration
 q - a slice of pizza


   Skills:
 - Level 3.6 Fighting
 + Level 0.2 Armour
 - Level 3.2 Dodging
 - Level 1.5 Stealth
 * Level 6.4 Unarmed Combat
 + Level 1.3 Invocations


You had 3 spell levels left.
You didn't know any spells.

Dungeon Overview and Level Annotations

Branches:
Dungeon (3/15)

Altars:
Okawaru


Innate Abilities, Weirdness & Mutations

You reflexively headbutt those who attack you in melee.
You have a pair of horns on your head.


Message History

You feel very sick.
The kobold shoots a curare-tipped needle.
The curare-tipped needle hits you.
You are more poisoned.
You have difficulty breathing.
* * * LOW HITPOINT WARNING * * *
You feel as though you will be slow longer.
The kobold shoots a curare-tipped needle.
The curare-tipped needle closely misses you.
Drink which item? (? for menu, Esc to quit)
It was a potion of flight.
You feel very buoyant.
You fly up into the air.
* * * LOW HITPOINT WARNING * * *
You feel very sick.
The kobold shoots a curare-tipped needle.
The curare-tipped needle hits you.
You are more poisoned.
You have difficulty breathing.
You die...

#...# #.. ##### #..
#### ### ...# # ...#
# ##..# # ...# #
#.###?# ############
#.K.@(####...........
######(..#...........
#...#...........
#...#...........
#...#...........
#...#...........
#####..(###'####....
####...#...#
#.########
#...(......#
#..†....#


You could see a kobold.

Vanquished Creatures
  Terence (D:3)
  3 adders
  2 worms (D:2)
  A giant gecko (D:3)
  5 orcs (D:3)
  7 bats
  3 giant cockroaches
  5 hobgoblins
  4 jackals (D:1)
  5 giant newts
  2 goblins
  5 kobolds
  6 rats
49 creatures vanquished.

Vanquished Creatures (others)
  A bat (D:1)
1 creature vanquished.

Grand Total: 50 creatures vanquished

Notes
Turn   | Place    | Note
--------------------------------------------------------------
     0 | D:1      | Goblin1989 the Minotaur Monk began the quest for the Orb.
     0 | D:1      | Reached XP level 1. HP: 19/19 MP: 0/0
   181 | D:1      | Reached XP level 2. HP: 16/26 MP: 1/1
   332 | D:1      | Reached skill level 5 in Unarmed Combat
  1035 | D:2      | Found an iron altar of Okawaru.
  1160 | D:2      | Reached XP level 3. HP: 11/31 MP: 2/2
  2016 | D:3      | Reached skill level 6 in Unarmed Combat
  2020 | D:3      | Found an iron altar of Okawaru.
  2059 | D:3      | Became a worshipper of Warmaster Okawaru
  2059 | D:3      | Acquired Okawaru's first power
  2093 | D:3      | Reached XP level 4. HP: 33/39 MP: 3/3
  2140 | D:3      | Noticed Terence
  2167 | D:3      | Killed Terence
  2167 | D:3      | Reached skill level 1 in Invocations
  2511 | D:3      | Asphyxiated

Vault maps used:
D:1:      shiori_arrival_oz, minmay_misc_feat_x, hangedman_glass_teeth,
          grunt_decor_one_mirror
D:2:      nicolae_overflow_hidden_temple, grunt_decor_resistance
D:3:      first_bread, glass_columns_a, okawaru_ov_weapons_minmay, uniq_terence

Action                   |  1- 3 |  4- 6 || total
-------------------------+-------+-------++-------
Melee: Unarmed           |    74 |    34 ||   108
  Use: Potion            |       |     2 ||     2
 Stab: Sleeping          |     2 |     1 ||     3
  Eat: Chunk             |     3 |     2 ||     5
